 Dungeon Crawl Stone Soup version 0.29.1-1-gd02db6906a (webtiles) character file.

Game seed: 8268957689827546675

4575 xian the Basher (level 10, -11/74 HPs)
             Began as a Demonspawn Hedge Wizard on Oct 11, 2022.
             Was a Believer of Sif Muna.
             Mangled by a death knight
             ... wielding a +3 battleaxe
              (14 damage)
             ... on level 9 of the Dungeon.
             The game lasted 00:23:38 (8705 turns).

xian the Basher (Demonspawn Hedge Wizard)           Turns: 8705, Time: 00:23:39

Health: -11/74     AC:  9    Str: 14    XL:     10   Next: 18%
Magic:  0/18       EV: 16    Int: 17    God:    Sif Muna [**....]
Gold:   379        SH:  7    Dex: 22    Spells: 17/23 levels left

rFire   . . .      SeeInvis .   o - +8 whip "Esilit" {vamp, Drain rElec Dex+4}
rCold   + . .      Faith    .   r - +0 buckler
rNeg    . . .      Spirit   +   b - +0 robe
rPois   .          Reflect  .   c - +1 hat
rElec   +          Harm     .   z - +2 cloak
rCorr   .          Rampage  +   u - +0 pair of gloves
Will    .....                   D - +0 pair of boots of the Earth {Rampage +Inv Slay+2}
Stlth   ++........              v - amulet of guardian spirit
HPRegen 0.22/turn               g - +6 ring of dexterity
MPRegen 0.16/turn               q - +4 ring of evasion

@: no status effects
A: hooves 2, sharp scales 1, demonic magic 2, cold resistance 1, low MP 1
a: Renounce Religion, Evoke Invisibility, Channel Magic


You were on level 9 of the Dungeon.
You worshipped Sif Muna.
Sif Muna was pleased with you.
You visited 2 branches of the dungeon, and saw 8 of its levels.
You also visited: Sewer and Ossuary.

You collected 379 gold pieces.

Inventory:

Hand Weapons
 n - the +3 great sword "Oris" {protect, MP-9 Str+7 Int+4}
   (You took it off a gnoll bouda on level 9 of the Dungeon)

   It grants its wielder temporary protection when it strikes (+7 to AC).
   Str:       It affects your strength (+7).
   Int:       It affects your intelligence (+4).
   MP:        It affects your magic capacity (-9).
 o - the +8 whip "Esilit" (weapon) {vamp, Drain rElec Dex+4}
   (You found it on level 2 of the Dungeon)

   It occasionally heals its wielder for a portion of the damage dealt when it
   wounds a living foe.
   Dex:       It affects your dexterity (+4).
   rElec:     It insulates you from electricity.
   Drain:     It drains your maximum health when unequipped.
 B - a +3 vorpal sling
Missiles
 J - a throwing net
Armour
 b - a +0 robe (worn)
 c - a +1 hat (worn)
 r - a +0 buckler (worn)
 u - a +0 pair of gloves (worn)
 z - a +2 cloak (worn)
 D - the +0 pair of boots of the Earth (worn) {Rampage +Inv Slay+2}
   (You found it on level 5 of the Dungeon)

   Slay:      It affects your accuracy & damage with ranged weapons and melee
   (+2).
   +Inv:      It lets you turn invisible.
   Rampage:   It bestows one free step when moving towards enemies.
 K - a +0 troll leather armour
Jewellery
 g - a +6 ring of dexterity (left hand)
 h - an amulet of faith
 k - an amulet of regeneration
 q - a +4 ring of evasion (right hand)
 t - a ring of fire
 v - an amulet of guardian spirit (around neck)
Wands
 i - a wand of paralysis (6)
 s - a wand of mindburst (29)
Scrolls
 p - 3 scrolls of identify
 w - 2 scrolls of silence
 x - 4 scrolls of blinking
 y - a scroll of poison
 A - 3 scrolls of butterflies
 C - 2 scrolls of amnesia
 E - 2 scrolls of torment {unknown}
 F - a scroll of immolation
 I - a scroll of magic mapping {unknown}
Potions
 a - 4 potions of haste
 d - 3 potions of magic
 e - 4 potions of heal wounds
 f - a potion of brilliance
 j - 4 potions of mutation
 l - 4 potions of curing
 m - 3 potions of lignification
 G - a potion of flight {unknown}
 H - 3 potions of might


   Skills:
 + Level 5.5 Fighting
 - Level 0.1(5.5) Axes
 * Level 8.9 Maces & Flails
 - Level 2.0 Dodging
 - Level 2.1 Stealth
 * Level 6.9 Shields
 + Level 7.0 Spellcasting
 + Level 6.3 Conjurations
 + Level 1.2 Summonings
 + Level 0.8 Translocations


You had 17 spell levels left.
You knew the following spells:

 Your Spells              Type           Power      Damage    Failure   Level
a - Magic Dart            Conj           100%       1d8       1%          1
b - Call Imp              Summ           10%        N/A       13%         2
c - Slow                  Hex            24%        N/A       14%         1
d - Blink                 Tloc           16%        N/A       16%         2

Your spell library contained the following spells:

 Spells                   Type           Power      Damage    Failure   Level
 Summon Small Mammal      Summ           40%        N/A       9%          1
 Apportation              Tloc           16%        N/A       11%         1
 Conjure Flame            Conj/Fire      16%        6-21      12%         3
 Necrotise                Necr           24%        1d5       14%         1
 Mephitic Cloud           Conj/Pois/Air  13%        N/A       19%         3
 Ensorcelled Hibernation  Hex/Ice        12%        N/A       22%         2
 Passwall                 Tmut/Erth      5%         N/A       22%         2
 Swiftness                Air            6%         N/A       41%         3
 Manifold Assault         Tloc           8%         N/A       96%         5
 Storm Form               Tmut/Air       3%         N/A       100%        7


Dungeon Overview and Level Annotations

Branches:
Dungeon (6/15)             Temple (1/1) D:5            Lair (0/5) D:9
  Sewer (visited)         Ossuary (visited)

Altars:
Gozag
Hepliaklqana
Kikubaaqudgha
Makhleb
Okawaru
Qazlal
Ru
Sif Muna
Trog
Uskayaw
Wu Jian
Xom
Yredelemnul

Shops:
D:3 [


Innate Abilities, Weirdness & Mutations

You have hoof-like feet.
You are partially covered in razor-sharp scales. (AC +1, Slay +1)
Spells you cast may paralyse nearby enemies.
Your flesh is cold resistant. (rC+)
Your magical capacity is low. (-10% MP)


Message History

The magic dart hits the death knight but does no damage.
The death knight is lightly wounded.
Malevolent energies surge around you.
Unknown command.
The magic dart hits the death knight but does no damage.
The death knight is lightly wounded.
Malevolent energies surge around you.
Your white imp gestures at the death knight.
The puff of frost hits the death knight.
The death knight invokes the aid of Yredelemnul against you.
Your body is wracked with pain!
You are too injured to fight recklessly!
Unknown command.
Casting: Magic Dart (safe; 1% risk of failure)
Confirm with . or Enter, or press ? or * to list all spells.
Aiming: Magic Dart (safe; 1% risk of failure)
Press: ? - help, Shift-Dir - straight line, f/p - death knight
Aim: a death knight, wielding a +3 battleaxe, wearing a +0 chain mail and wearing a +6 ring of intelligence (lightly wounded, ally target, 100% to hit)
The magic dart hits the death knight but does no damage.
The death knight is lightly wounded.
Malevolent energies surge around you. You block the death knight's attack.
Casting: Magic Dart (safe; 1% risk of failure)
Confirm with . or Enter, or press ? or * to list all spells.
Aiming: Magic Dart (safe; 1% risk of failure)
Press: ? - help, Shift-Dir - straight line, f/p - death knight
Aim: a death knight, wielding a +3 battleaxe, wearing a +0 chain mail and wearing a +6 ring of intelligence (lightly wounded, ally target, 100% to hit)
The magic dart hits the death knight but does no damage.
The death knight is lightly wounded.
Malevolent energies surge around you.
Your white imp gestures at the death knight.
The puff of frost hits the death knight but does no damage.
The death knight misses you.
The death knight attacks as you move away!
The death knight hits you but does no damage.
The death knight hits you with a +3 battleaxe!!
* * * LOW HITPOINT WARNING * * *
The death knight closely misses your white imp.
The death knight attacks as you move away!
The death knight hits you with a +3 battleaxe!
You die...

..........' #.#
..........# #)#
..........# #)#
..........# #)########
...<....#....#.........
......#....#.........
#....#....#...††....
#....#... #....D....
#.p@.#'####...5.....
#.5............###.#
#...$.........## ..
#....[.......## .#
#...))###.#### ###
#...).# .$. ....
#.....# ....###...(.#
............#


You could see a death knight (ally target) and a friendly white imp (summoned).

Vanquished Creatures
  A two-headed ogre (D:9)
  A cyclops (D:9)
  A gargoyle (D:9)
  A hornet (D:9)
  A troll (D:9)
  Prince Ribbit (D:5)
  A vampire mosquito (D:9)
  2 ice beasts
  An orc warrior (D:9)
  A black bear (D:5)
  An ogre (D:5)
  2 centaurs
  A phantom (D:6)
  3 bullfrogs (D:9)
  A necrophage (D:5)
  A scorpion (D:4)
  5 killer bees
  5 howler monkeys
  2 orc priests
  4 hounds
  2 gnoll boudas (D:9)
  3 iguanas
  4 orc wizards
  11 mummies (Ossuary)
  4 adders
  10 gnolls
  8 river rats (Sewer)
  2 white imps
  4 worms
  A dart slug (D:2)
  11 orcs
  2 bats (D:3)
  5 endoplasms
  3 giant cockroaches
  6 goblins
  8 hobgoblins
  7 jackals
  20 kobolds
  4 quokkas
  11 ball pythons
  5 frilled lizards
  A gnoll skeleton (Ossuary)
  3 goblin skeletons (Ossuary)
  A kobold skeleton (Ossuary)
  2 orc skeletons (Ossuary)
  21 rats
  11 rat skeletons (Ossuary)
206 creatures vanquished.

Vanquished Creatures (collateral kills)
  A gnoll (D:5)
  A kobold skeleton (Ossuary)
2 creatures vanquished.

Grand Total: 208 creatures vanquished

Notes
Turn   | Place    | Note
-------+----------+-------------------------------------------
     0 | D:1      | xian the Demonspawn Hedge Wizard began the quest for the
                  | Orb.
     0 | D:1      | Reached XP level 1. HP: 13/13 MP: 4/4
   484 | D:1      | Gained mutation: You are partially covered in razor-sharp
                  | scales. (AC +1, Slay +1) [demonic ancestry]
   484 | D:1      | Reached XP level 2. HP: 20/20 MP: 1/6
   487 | D:1      | Learned a level 2 spell: Call Imp
  1649 | D:2      | Learned a level 1 spell: Slow
  1652 | D:2      | Learned a level 2 spell: Blink
  1694 | D:2      | Identified the +8 whip "Esilit" {vamp, Drain rElec Dex+4}
  1758 | D:2      | Found a faded altar of an unknown god.
  1784 | D:2      | Reached XP level 3. HP: 25/25 MP: 6/8
  2225 | D:2      | Reached skill level 1 in Fighting
  3005 | D:3      | Gained mutation: Spells you cast may paralyse adjacent
                  | enemies. [demonic ancestry]
  3005 | D:3      | Reached XP level 4. HP: 32/32 MP: 3/9
  3492 | D:3      | Found Syimah's Antique Armour Shoppe.
  3595 | D:3      | Reached skill level 1 in Maces & Flails
  3842 | D:4      | Found a hazy altar of Hepliaklqana.
  3921 | D:4      | Identified the +5 scimitar "Falu" {venom, Dex+2}
  4262 | D:4      | Gained mutation: You have large cloven feet. [demonic
                  | ancestry]
  4262 | D:4      | Reached XP level 5. HP: 37/37 MP: 8/10
  4373 | D:4      | Found a glowing drain.
  4378 | Sewer    | Entered a sewer
  4457 | Sewer    | Reached skill level 1 in Shields
  4895 | Sewer    | Reached skill level 2 in Maces & Flails
  5446 | Sewer    | Gained mutation: Your magical capacity is low. (-10% MP)
                  | [potion of mutation]
  5446 | Sewer    | Gained mutation: Your flesh is cold resistant. (rC+)
                  | [potion of mutation]
  5526 | Sewer    | Reached skill level 6 in Maces & Flails
  5526 | Sewer    | Reached skill level 5 in Shields
  5526 | Sewer    | Reached skill level 5 in Conjurations
  5526 | Sewer    | Gained mutation: Spells you cast may paralyse nearby
                  | enemies. [demonic ancestry]
  5526 | Sewer    | Reached XP level 6. HP: 49/49 MP: 10/13
  5634 | D:4      | Reached XP level 7. HP: 55/55 MP: 8/14
  5994 | D:5      | Entered Level 5 of the Dungeon
  6053 | D:5      | Found a staircase to the Ecumenical Temple.
  6130 | Temple   | Entered the Ecumenical Temple
  6201 | Temple   | Became a worshipper of Sif Muna the Loreminder
  6405 | D:5      | Noticed Prince Ribbit
  6420 | D:5      | Killed Prince Ribbit
  6421 | D:5      | Reached XP level 8. HP: 55/61 MP: 10/15
  6471 | D:5      | Identified the +0 pair of boots of the Earth {Rampage +Inv
                  | Slay+2}
  6968 | D:5      | Reached skill level 5 in Fighting
  7384 | D:6      | Reached skill level 7 in Maces & Flails
  7449 | D:6      | Reached * piety under Sif Muna
  7606 | D:6      | Found a sand-covered staircase.
  7639 | Ossuary  | Entered an ossuary
  7937 | Ossuary  | Gained mutation: You have hoof-like feet. [demonic
                  | ancestry]
  7937 | Ossuary  | Reached XP level 9. HP: 68/68 MP: 16/16
  7988 | Ossuary  | Reached ** piety under Sif Muna
  8182 | D:6      | You fall into a shaft and drop 3 floors!
  8217 | D:9      | Found a staircase to the Lair.
  8402 | D:9      | Noticed a troll
  8420 | D:9      | Killed a troll
  8425 | D:9      | Noticed a two-headed ogre
  8442 | D:9      | HP: 2/68 [two-headed ogre/+0 giant spiked club (22)]
  8448 | D:9      | Killed a two-headed ogre
  8449 | D:9      | Reached skill level 8 in Maces & Flails
  8487 | D:9      | Identified the +3 great sword "Oris" {protect, MP-9 Str+7
                  | Int+4}
  8494 | D:9      | Noticed a death knight
  8494 | D:9      | Noticed a troll
  8544 | D:9      | Noticed a cyclops
  8556 | D:9      | Killed a cyclops
  8557 | D:9      | Reached XP level 10. HP: 55/74 MP: 2/18
  8599 | D:9      | Noticed a gargoyle
  8615 | D:9      | Killed a gargoyle
  8704 | D:9      | HP: 3/74 [death knight/+3 battleaxe (21)]
  8705 | D:9      | Mangled by a death knight

Illustrated notes

Levels and vault maps discovered:
D:1:      reono_arrival_mine, layout_loops_cross
D:2:      layout_basic, shapermc_ecumenical_altar_flowoftime, corner_web_ring,
          amethyst_killhole
D:3:      layout_loops_ring, serial_shops, nicolae_shop_waterfront, hex_large
D:4:      layout_loops_cross, lemuel_tele_altar, gup_sewer_entry_bowl
D:5:      layout_basic, minmay_temple_entry_statues_pillars, uniq_prince_ribbit1
D:6:      layout_rooms, grunt_temple_overflow_open, nicolae_ossuary_entry_plus,
          kennysheep_nub, minmay_circle_x
D:9:      minmay_the_grid_octo_tiled_squarecenter [minmay_the_grid_octo_empty,
          minmay_the_grid_octo_fan_narrow, minmay_the_grid_octo_pinwheel,
          minmay_the_grid_octo_tetromino_candy,
          minmay_the_grid_square_5x5_megaprize_diamond,
          minmay_the_grid_square_5x5_dogpile,
          minmay_the_grid_square_5x5_intrusive_squares,
          minmay_the_grid_square_5x5_half_checkered,
          minmay_the_grid_square_5x5_shrine2], layout_irregular_city,
          kennysheep_generic_room_2
Temple:   eino_temple_water

Skill      XL: |  1  2  3  4  5  6  7  8  9 10 |
---------------+-------------------------------+-----
Stealth        | 2 |  2.1
Dodging        | 2 |  2.0
Fighting       | 1 4 5 |  5.5
Maces & Flails | 1 6 7 8 |  8.9
Conjurations   | 2 5 6 |  6.3
Spellcasting   | 6 7 |  7.0
Shields        | 5 6 |  6.9
Axes           | |  0.1
Summonings     | |  1.2
Translocations | |  0.8

Action                   |  1- 3 |  4- 6 |  7- 9 | 10-12 || total
-------------------------+-------+-------+-------+-------++-------
Melee: War axe           |    31 |       |       |       ||    31
       Whip              |    18 |    78 |   223 |    16 ||   335
       Kick              |       |     8 |     5 |       ||    13
 Cast: Magic Dart        |    73 |    93 |   150 |    13 ||   329
       Call Imp          |     1 |       |     5 |     1 ||     7
  Use: Scroll            |       |    10 |     4 |       ||    14
       Potion            |       |    11 |     3 |       ||    14
 Stab: Sleeping          |     3 |     5 |     6 |       ||    14
       Paralysed         |       |     8 |    31 |     4 ||    43
Armor: Robe              |    20 |    14 |    42 |     3 ||    79
Dodge: Dodged            |    50 |    75 |   115 |    12 ||   252
Block: Buckler           |     2 |    20 |    53 |    13 ||    88
